IL
CHARLOTTE KNIGHTS @ NORFOLK TIDES
09/08/2048
 
TOP OF THE 1ST
Charlotte Knights batting - Pitching for Norfolk Tides : RHP Aaron Schneider
Pitching: RHP Aaron Schneider
Batting: LHB John Thurman 0-0: Ball
1-0: Ball
2-0: Ball
3-0: Called Strike
3-1: Base on Balls
Batting: LHB Carlos Ramirez 0-0: Called Strike
John Thurman is caught stealing 2nd base 2-6
0-1: Swinging Strike
0-2: Foul Ball, location: 2F
0-2: Foul Ball, location: 2F
0-2: Ball
1-2: Ball
2-2: Ball
3-2: Base on Balls
Batting: LHB Jason Bell 0-0: Foul Ball, location: 2F
0-1: Foul Ball, location: 2F
0-2: SINGLE (Groundball, 34D, EV 98.8 MPH)
Carlos Ramirez to second
Runner from 2nd tries for 3rd, SAFE, throw by RF made to third
Batting: LHB Ricardo Pagan 0-0: Ball
1-0: Fly out, F8 (Flyball, 78S, EV 83.1 MPH)
Batting: LHB Adam Tarbutton 0-0: Called Strike
0-1: Ball
1-1: Fly out, F8 (Flyball, 8LD, EV 105.6 MPH)
Top of the 1st over - 0 runs, 1 hit, 0 errors, 2 left on base; Charlotte 0 - Norfolk 0
BOTTOM OF THE 1ST
Norfolk Tides batting - Pitching for Charlotte Knights : LHP Carlos Toledo
Pitching: LHP Carlos Toledo
Batting: RHB Bobby Melillo 0-0: Ball
1-0: Ball
2-0: Ball
3-0: Called Strike
3-1: Called Strike
3-2: Strikes out looking
Batting: RHB Francisco Viera 0-0: Ball
1-0: Bunted foul
1-1: Ground out 6-3 (Groundball, 6, EV 91.2 MPH)
Batting: SHB Brian Bentz 0-0: Called Strike
0-1: Foul Ball, location: 2F
0-2: Ball
1-2: Ball
2-2: Foul Ball, location: 2F
2-2: SINGLE (Groundball, 56, EV 96.9 MPH)
Batting: RHB Mario Saez 0-0: Ball
1-0: Ball
2-0: Called Strike
2-1: Fielders Choice at 2nd, 6-4 (Groundball, 6, EV 85.6 MPH)
Bottom of the 1st over - 0 runs, 1 hit, 0 errors, 1 left on base; Charlotte 0 - Norfolk 0
TOP OF THE 2ND
Charlotte Knights batting - Pitching for Norfolk Tides : RHP Aaron Schneider
Batting: RHB Micah Brown 0-0: Hit by Pitch
Batting: RHB Jeremy Hoffert 0-0: Called Strike
0-1: Ball
1-1: Reached on error, E4 (Groundball, 4, EV 100.0 MPH)
Micah Brown to second
Batting: RHB Danny Longoria 0-0: Fly out, F9 (Line Drive, 9S, EV 103.8 MPH)
Batting: LHB Edgar Castillo 0-0: Swinging Strike
0-1: Ball
1-1: Ball
2-1: Ball
3-1: SINGLE (Flyball, 7S, EV 91.9 MPH)
Micah Brown to third
Jeremy Hoffert to second
Batting: LHB John Thurman 0-0: Foul Ball, location: 2F
0-1: Ball
1-1: Ball
2-1: Fly out, F8 (Flyball, 89D, EV 98.8 MPH)
Batting: LHB Carlos Ramirez 0-0: Ball
1-0: Ball
2-0: Ball
3-0: Base on Balls
Micah Brown scores
Jeremy Hoffert to third
Edgar Castillo to second
Batting: LHB Jason Bell 0-0: Ball
1-0: Foul Ball, location: 2F
1-1: SINGLE (Line Drive, 7S, EV 103.8 MPH)
Jeremy Hoffert scores
Edgar Castillo to third
Carlos Ramirez to second
Batting: LHB Ricardo Pagan 0-0: Swinging Strike
0-1: Foul Ball, location: 2F
0-2: Strikes out looking
Top of the 2nd over - 2 runs, 2 hits, 1 error, 3 left on base; Charlotte 2 - Norfolk 0
BOTTOM OF THE 2ND
Norfolk Tides batting - Pitching for Charlotte Knights : LHP Carlos Toledo
Batting: RHB Travis Carter 0-0: DOUBLE (Line Drive, 78XD, EV 104.4 MPH)
Batting: LHB Tyler Allen 0-0: Ball
1-0: SINGLE (Flyball, 78S, EV 93.1 MPH)
Travis Carter to third
Batting: LHB Pat Shaddock 0-0: Foul Ball, location: 2F
0-1: Ball
1-1: Swinging Strike
1-2: Strikes out looking
Batting: RHB Andrew Korman 0-0: Ball
1-0: Ball
2-0: Foul Ball, location: 2F
2-1: Called Strike
2-2: Ball
3-2: Foul Ball, location: 2F
3-2: Base on Balls
Tyler Allen to second
Batting: RHB Andy Bridger 0-0: Ball
1-0: Foul Ball, location: 2F
1-1: Foul Ball, location: 2F
1-2: Strikes out swinging
Batting: RHB Bobby Melillo 0-0: Called Strike
0-1: Foul Ball, location: 2F
0-2: Ball
1-2: Ball
2-2: Fielders Choice at 2nd, 5-4 (Groundball, 56, EV 83.8 MPH)
Bottom of the 2nd over - 0 runs, 2 hits, 0 errors, 3 left on base; Charlotte 2 - Norfolk 0
TOP OF THE 3RD
Charlotte Knights batting - Pitching for Norfolk Tides : RHP Aaron Schneider
Batting: LHB Adam Tarbutton 0-0: Swinging Strike
0-1: Swinging Strike
0-2: Ball
1-2: Strikes out swinging
Batting: RHB Micah Brown 0-0: Called Strike
0-1: Swinging Strike
0-2: Foul Ball, location: 2F
0-2: Ball
1-2: Ball
2-2: Ball
3-2: Foul Ball, location: 2F
3-2: Strikes out looking
Batting: RHB Jeremy Hoffert 0-0: Swinging Strike
0-1: Ball
1-1: Foul Ball, location: 2F
1-2: Ball
2-2: Ball
3-2: Strikes out swinging
Top of the 3rd over - 0 runs, 0 hits, 0 errors, 0 left on base; Charlotte 2 - Norfolk 0
BOTTOM OF THE 3RD
Norfolk Tides batting - Pitching for Charlotte Knights : LHP Carlos Toledo
Batting: RHB Francisco Viera 0-0: Foul Ball, location: 2F
0-1: Ball
1-1: Foul Ball, location: 2F
1-2: Ball
2-2: SINGLE (Groundball, 56, EV 98.1 MPH)
Batting: SHB Brian Bentz 0-0: Ball
1-0: Foul Ball, location: 2F
1-1: Fly out, F7 (Flyball, 7LS, EV 86.2 MPH)
Batting: RHB Mario Saez 0-0: Called Strike
Francisco Viera steals 2nd base
0-1: Called Strike
0-2: Foul Ball, location: 2F
0-2: Ball
1-2: Foul Ball, location: 2F
1-2: Ground out 6-3 (Groundball, 6, EV 91.9 MPH)
Francisco Viera to third
Batting: RHB Travis Carter 0-0: Ball
1-0: Ground out 4-3 (Groundball, 4, EV 91.2 MPH)
Bottom of the 3rd over - 0 runs, 1 hit, 0 errors, 1 left on base; Charlotte 2 - Norfolk 0
TOP OF THE 4TH
Charlotte Knights batting - Pitching for Norfolk Tides : RHP Aaron Schneider
Batting: RHB Danny Longoria 0-0: Swinging Strike
0-1: Swinging Strike
0-2: Strikes out swinging
Batting: LHB Edgar Castillo 0-0: SINGLE (Groundball, 4M, EV 102.5 MPH) (infield hit)
Batting: LHB John Thurman 0-0: Ball
Pickoff Throw to First - Out! 1-3
1-0: Ground out U3 (Groundball, 3D, EV 98.8 MPH)
Top of the 4th over - 0 runs, 1 hit, 0 errors, 0 left on base; Charlotte 2 - Norfolk 0
BOTTOM OF THE 4TH
Norfolk Tides batting - Pitching for Charlotte Knights : LHP Carlos Toledo
Batting: LHB Tyler Allen 0-0: Foul Ball, location: 2F
0-1: Ball
1-1: Ball
2-1: Ground out 6-3 (Groundball, 6, EV 84.4 MPH)
Batting: LHB Pat Shaddock 0-0: Called Strike
0-1: Ball
1-1: Ground out 4-3 (Groundball, 4, EV 88.8 MPH)
Batting: RHB Andrew Korman 0-0: SINGLE (Groundball, P, EV 79.4 MPH) (infield hit)
Batting: RHB Andy Bridger 0-0: Fly out, F9 (Flyball, 9D, EV 91.9 MPH)
Bottom of the 4th over - 0 runs, 1 hit, 0 errors, 1 left on base; Charlotte 2 - Norfolk 0
TOP OF THE 5TH
Charlotte Knights batting - Pitching for Norfolk Tides : RHP Aaron Schneider
Batting: LHB Carlos Ramirez 0-0: Ball
1-0: Foul Ball, location: 2F
1-1: Ball
2-1: Swinging Strike
2-2: SINGLE (Line Drive, 4D, EV 105.6 MPH)
Batting: LHB Jason Bell 0-0: Called Strike
0-1: Ball
1-1: 2-RUN HOME RUN (Flyball, 89XD, EV 100.6 MPH), Distance : 411 ft
Batting: LHB Ricardo Pagan 0-0: Called Strike
0-1: Ground out 3-1 (Groundball, 34, EV 82.5 MPH)
Batting: LHB Adam Tarbutton 0-0: Ball
1-0: Ball
2-0: Called Strike
2-1: Called Strike
2-2: Fly out, F9 (Flyball, 9D, EV 101.9 MPH)
Batting: RHB Micah Brown 0-0: Ball
1-0: Called Strike
1-1: Swinging Strike
1-2: Foul Ball, location: 2F
1-2: Strikes out swinging
Top of the 5th over - 2 runs, 2 hits, 0 errors, 0 left on base; Charlotte 4 - Norfolk 0
BOTTOM OF THE 5TH
Norfolk Tides batting - Pitching for Charlotte Knights : LHP Carlos Toledo
Batting: RHB Bobby Melillo 0-0: Ball
1-0: Reached on error, E6 (Groundball, 6S, EV 71.9 MPH)
Batting: RHB Francisco Viera 0-0: Ball
1-0: SINGLE (Flyball, 7LS, EV 85.0 MPH)
Bobby Melillo to third
Runner from 3rd tries for Home, SAFE, throw by LF to home
Batting: SHB Brian Bentz 0-0: Swinging Strike
0-1: Swinging Strike
0-2: Ball
1-2: Strikes out swinging
Batting: RHB Mario Saez 0-0: Foul Ball, location: 2F
0-1: Foul Ball, location: 2F
0-2: Ball
1-2: Foul Ball, location: 2F
1-2: SINGLE (Line Drive, 6MD, EV 96.9 MPH)
Francisco Viera to second
Batting: RHB Travis Carter 0-0: Ball
1-0: Foul Ball, location: 2F
1-1: Called Strike
1-2: Fly out, F7 (Flyball, 7, EV 71.9 MPH)
Batting: LHB Tyler Allen 0-0: Ball
1-0: Called Strike
1-1: Fielders Choice at 2nd, 6-4 (Groundball, 6, EV 80.6 MPH)
Bottom of the 5th over - 1 run, 2 hits, 1 error, 2 left on base; Charlotte 4 - Norfolk 1
TOP OF THE 6TH
Charlotte Knights batting - Pitching for Norfolk Tides : RHP Aaron Schneider
Batting: RHB Jeremy Hoffert 0-0: Ball
1-0: Ball
2-0: Foul Ball, location: 2F
2-1: Called Strike
2-2: Foul Ball, location: 2F
2-2: Strikes out looking
Pitching: LHP Kichisaburo Sakuma
Batting: RHB Danny Longoria 0-0: Ball
1-0: Called Strike
1-1: Ground out 5-3 (Groundball, 5, EV 87.5 MPH)
Batting: LHB Edgar Castillo 0-0: DOUBLE (Groundball, 5L, EV 106.9 MPH)
Batting: LHB John Thurman 0-0: Foul Ball, location: 2F
0-1: Fly out, F6 (Popup, 6, EV 72.5 MPH)
Top of the 6th over - 0 runs, 1 hit, 0 errors, 1 left on base; Charlotte 4 - Norfolk 1
BOTTOM OF THE 6TH
Norfolk Tides batting - Pitching for Charlotte Knights : LHP Carlos Toledo
Batting: LHB Pat Shaddock 0-0: Called Strike
0-1: Ball
1-1: Foul Ball, location: 2F
1-2: Ground out 3-1 (Groundball, 13, EV 86.9 MPH)
Batting: RHB Andrew Korman 0-0: Called Strike
0-1: Ball
1-1: Ball
2-1: DOUBLE (Line Drive, 7LM, EV 104.4 MPH)
Batting: RHB Andy Bridger 0-0: Ground out 6-3 (Groundball, 6, EV 90.0 MPH)
Batting: RHB Bobby Melillo 0-0: SINGLE (Line Drive, 7S, EV 89.4 MPH)
Andrew Korman to third
Runner from 3rd tries for Home, throw by LF and OUT! 7-2
Bottom of the 6th over - 0 runs, 2 hits, 0 errors, 1 left on base; Charlotte 4 - Norfolk 1
TOP OF THE 7TH
Charlotte Knights batting - Pitching for Norfolk Tides : LHP Kichisaburo Sakuma
Batting: LHB Carlos Ramirez 0-0: Ground out U3 (Groundball, 3, EV 101.2 MPH)
Batting: LHB Jason Bell 0-0: Ball
1-0: Called Strike
1-1: Ball
2-1: Called Strike
2-2: Reached on error, E4 (Groundball, 34D, EV 108.1 MPH)
Batting: LHB Ricardo Pagan 0-0: Foul Ball, location: 2F
0-1: Ball
1-1: Foul Ball, location: 2F
1-2: Ball
2-2: DOUBLE (Groundball, 5L, EV 106.9 MPH)
Jason Bell to third
Runner from 3rd tries for Home, SAFE, throw by LF to home
Batting: LHB Adam Tarbutton 0-0: Ball
1-0: Ball
2-0: Called Strike
2-1: Swinging Strike
2-2: Fly out, F6 (Line Drive, 6, EV 62.5 MPH)
Batting: RHB Micah Brown 0-0: Ball
1-0: Foul Ball, location: 2F
1-1: Foul Ball, location: 2F
1-2: Strikes out swinging
Top of the 7th over - 1 run, 1 hit, 1 error, 1 left on base; Charlotte 5 - Norfolk 1
BOTTOM OF THE 7TH
Norfolk Tides batting - Pitching for Charlotte Knights : LHP Carlos Toledo
Batting: RHB Francisco Viera 0-0: SINGLE (Groundball, 6MD, EV 98.8 MPH)
Batting: SHB Brian Bentz 0-0: Ball
1-0: Foul Ball, location: 2F
1-1: Fly out, F9 (Flyball, 9, EV 97.5 MPH)
Pitching: RHP Marvin Velasco
Batting: RHB Mario Saez 0-0: Called Strike
0-1: Called Strike
0-2: Strikes out looking
Batting: RHB Travis Carter 0-0: Hit by Pitch
Francisco Viera to second
Batting: LHB Tyler Allen 0-0: Fielders Choice at 2nd, 5-4 (Groundball, 5, EV 105.0 MPH)
Bottom of the 7th over - 0 runs, 1 hit, 0 errors, 2 left on base; Charlotte 5 - Norfolk 1
TOP OF THE 8TH
Charlotte Knights batting - Pitching for Norfolk Tides : LHP Kichisaburo Sakuma
Batting: RHB Jeremy Hoffert 0-0: Called Strike
0-1: Foul Ball, location: 2F
0-2: Ball
1-2: Foul Ball, location: 2F
1-2: Ball
2-2: TRIPLE (Groundball, 5L, EV 104.4 MPH)
Batting: RHB Danny Longoria 0-0: Ball
1-0: Fly out, F8 (Flyball, 8RM, EV 85.0 MPH)
Batting: LHB Edgar Castillo 0-0: Called Strike
0-1: Ball
Steal of home, Jeremy Hoffert is safe
1-1: Swinging Strike
1-2: Hit by Pitch
Batting: LHB John Thurman 0-0: Called Strike
0-1: Fielders Choice at 2nd, 4-6 (Groundball, 34, EV 90.0 MPH)
Batting: LHB Carlos Ramirez 0-0: 2-RUN HOME RUN (Flyball, 89XD, EV 101.9 MPH), Distance : 407 ft
Batting: LHB Jason Bell 0-0: Ball
1-0: SINGLE (Groundball, 3D, EV 109.4 MPH)
Batting: LHB Ricardo Pagan 0-0: Ball
1-0: Ball
2-0: Swinging Strike
2-1: Ground out 4-3 (Groundball, 4MS, EV 93.8 MPH)
Top of the 8th over - 3 runs, 3 hits, 0 errors, 1 left on base; Charlotte 8 - Norfolk 1
BOTTOM OF THE 8TH
Norfolk Tides batting - Pitching for Charlotte Knights : RHP Marvin Velasco
Pinch Hitting: RHB Danny Baeza 0-0: SINGLE (Line Drive, 34, EV 98.1 MPH)
Batting: RHB Andrew Korman 0-0: Called Strike
0-1: Swinging Strike
0-2: Foul Ball, location: 2F
0-2: Strikes out swinging
Batting: RHB Andy Bridger 0-0: Foul Ball, location: 2F
0-1: Ball
1-1: SINGLE (Line Drive, 78S, EV 106.2 MPH)
Danny Baeza to second
Batting: RHB Bobby Melillo 0-0: Ball
1-0: Foul Ball, location: 2F
1-1: SINGLE (Groundball, 56D, EV 109.4 MPH) (infield hit)
Danny Baeza to third
Andy Bridger to second
Pinch Hitting: LHB Jose Chinchilla 0-0: Called Strike
0-1: Swinging Strike
0-2: Strikes out swinging
Batting: SHB Brian Bentz 0-0: Called Strike
0-1: SINGLE (Groundball, 34D, EV 103.8 MPH)
Danny Baeza scores
Andy Bridger to third
Bobby Melillo to second
Runner from 3rd tries for Home, SAFE, throw by RF to home
Batting: RHB Mario Saez 0-0: Ball
1-0: Called Strike
1-1: Ball
2-1: SINGLE (Groundball, 56S, EV 76.2 MPH) (infield hit)
Bobby Melillo to third
Brian Bentz to second
Batting: RHB Travis Carter 0-0: Called Strike
0-1: Ball
1-1: Ball
2-1: Ball
3-1: Base on Balls
Bobby Melillo scores
Brian Bentz to third
Mario Saez to second
Batting: LHB Tyler Allen 0-0: Called Strike
0-1: Called Strike
0-2: Ground out 4-3 (Groundball, 4, EV 81.2 MPH)
Bottom of the 8th over - 3 runs, 5 hits, 0 errors, 3 left on base; Charlotte 8 - Norfolk 4
TOP OF THE 9TH
Charlotte Knights batting - Pitching for Norfolk Tides : LHP Kichisaburo Sakuma
Pitching: LHP Kyohei Koyama
Now at 1B: Danny Baeza
Now at 3B: Jose Chinchilla
Now at SS: Andy Bridger
Batting: LHB Adam Tarbutton 0-0: Called Strike
0-1: Called Strike
0-2: Ball
1-2: Foul Ball, location: 2F
1-2: Ball
2-2: Strikes out looking
Batting: RHB Micah Brown 0-0: Reached on error, E5 (Groundball, 56S, EV 76.9 MPH)
Batting: RHB Jeremy Hoffert 0-0: Called Strike
0-1: Swinging Strike
0-2: Foul Ball, location: 2F
0-2: Ball
1-2: Ball
2-2: Fly out, F8 (Flyball, 8RD, EV 95.0 MPH)
Batting: RHB Danny Longoria 0-0: Fielders Choice at 2nd, 6-4 (Groundball, 6, EV 83.8 MPH)
Top of the 9th over - 0 runs, 0 hits, 1 error, 1 left on base; Charlotte 8 - Norfolk 4
BOTTOM OF THE 9TH
Norfolk Tides batting - Pitching for Charlotte Knights : RHP Marvin Velasco
Pitching: RHP Tommy Benedict
Batting: RHB Danny Baeza 0-0: Called Strike
0-1: Fly out, F9 (Line Drive, 9, EV 89.4 MPH)
Batting: RHB Andrew Korman 0-0: Ball
1-0: Fly out, F9 (Flyball, 9, EV 82.5 MPH)
Pinch Hitting: LHB Wes Goscinski 0-0: Called Strike
0-1: Swinging Strike
0-2: Ball
1-2: Ball
2-2: Ball
3-2: DOUBLE (Groundball, 5L, EV 100.6 MPH)
Batting: RHB Bobby Melillo 0-0: Called Strike
0-1: Reached on error, E6 (Groundball, 6, EV 91.9 MPH)
Wes Goscinski scores
Pitching: RHP Dave McGee
Batting: LHB Jose Chinchilla 0-0: Called Strike
0-1: Foul Ball, location: 2F
0-2: Foul Ball, location: 2F
0-2: Ball
1-2: Foul Ball, location: 2F
1-2: Strikes out looking
Bottom of the 9th over - 1 run, 1 hit, 1 error, 1 left on base; Charlotte 8 - Norfolk 5
Tuesday, March 28th , 2023 - OOTP Baseball 23.10 Build 110